[Event "*** SCC Grand Prix: Titled Tuesday Blitz"]
[Site "Chess.com"]
[Date "2020.08.11"]
[Round "5"]
[White "temus_galaktionov"]
[Black "Sultanasharminshirin"]
[Result "1-0"]
[WhiteElo "2664"]
[BlackElo "2043"]
[TimeControl "180+1"]
[EndTime "10:53:08 PDT"]
[Termination "temus_galaktionov won by resignation"]

1. d4 d5 2. Nf3 Nf6 3. c4 c6 4. Qb3 Qb6 5. Nc3 Qxb3 6. axb3 Bf5 7. Bf4 e6 8. c5 Nbd7 9. b4 Be7 10. e3 O-O 11. b5 h6 12. h3 Bh7 13. bxc6 bxc6 14.
Ba6 e5 15. Nxe5 Nxe5 16. Bxe5 Nd7 17. Bg3 Bxc5 18. dxc5 Nxc5 19. O-O Nxa6 20. Rxa6 Bd3 21. Rxc6 Bxf1 22. Kxf1 Rfd8 23. Be5 Rd7 24. Bd4 Rb8 25. Ne2 g5 26. Rxh6 f6 27. Rxf6 Kh7 28. g4 a5 29. Ra6 Rb5 30. Ng3 Rdb7 31. Nf5 1-0

[Event "*** SCC Grand Prix: Titled Tuesday Blitz"]
[Site "Chess.com"]
[Date "2020.08.11"]
[Round "5"]
[White "BocharovD"]
[Black "2nd_life"]
[Result "1-0"]
[WhiteElo "2697"]
[BlackElo "2484"]
[TimeControl "180+1"]
[EndTime "10:53:09 PDT"]
[Termination "BocharovD won by resignation"]

1. d4 Nf6 2. c4 e6 3. g3 c5 4. d5 exd5 5. cxd5 d6 6. Nc3 g6 7. Bg2 Bg7 8. Nf3 O-O 9. O-O Re8 10. Bf4 Ne4 11. Nxe4 Rxe4 12. Nd2 Rxf4 13. gxf4 Bxb2 14.
Rb1 Bg7 15. e4 Nd7 16. Re1 Qh4 17. e5 dxe5 18. d6 Rb8 19. Rb3 Qxf4 20. Ne4 b5 21. Rf3 Qh4 22. Qd5 Nf6 23. Nxf6+ Bxf6 24. d7 Bb7 25.
Qd6 Rd8 26. Qxf6 Qxf6 27. Rxf6 Bxg2 28. Kxg2 Rxd7 29. Rxe5 Rc7 30. Ra6 b4 31. Ra5 c4 32.
Rec5 1-0

[Event "*** SCC Grand Prix: Titled Tuesday Blitz"]
[Site "Chess.com"]
[Date "2020.08.11"]
[Round "5"]
[White "DonPreuss"]
[Black "denispopov"]
[Result "1-0"]
[WhiteElo "2199"]
[BlackElo "1839"]
[TimeControl "180+1"]
[EndTime "10:53:10 PDT"]
[Termination "DonPreuss won by resignation"]

1. d4 Nf6 2. Nc3 d5 3. e4 dxe4 4.
f3 exf3 5. Nxf3 e6 6. Bd3 b6 7. O-O Bb7 8. Be3 Be7 9. Qe1 Nbd7 10. Qg3 Nh5 11. Qg4 Ndf6 12. Qh4 g6 13. Ng5 Qd7 14.
Bb5 c6 15. Bc4 h6 16. Nxf7 Kxf7 17. Ne4 Kg7 18. Ng3 Nxg3 19. Qxg3 Rae8 20. Bd3 g5 21. Bxg5 hxg5 22. Qxg5+ Kf8 23. Rxf6+ Bxf6 24. Qxf6+ Kg8 25. Qg6+ Qg7 26. Qxe8+ 1-0

[Event "*** SCC Grand Prix: Titled Tuesday Blitz"]
[Site "Chess.com"]
[Date "2020.08.11"]
[Round "5"]
[White "googlegoom"]
[Black "Alberquintin"]
[Result "1-0"]
[WhiteElo "2400"]
[BlackElo "2531"]
[TimeControl "180+1"]
[EndTime "10:53:12 PDT"]
[Termination "googlegoom won by resignation"]

1. Nf3 Nf6 2. b3 e6 3. Bb2 d5 4. e3 Bd6 5. Be2 O-O 6. O-O b6 7. d4 Bb7 8. Nbd2 c5 9. c4 Nc6 10. Rc1 cxd4 11. Nxd4 Nxd4 12. Bxd4 Qe7 13. Qc2 Rac8 14.
Qb1 Rfd8 15. Rfd1 e5 16. Bb2 d4 17. exd4 exd4 18. Bf3 Bf4 19. Re1 Qc7 20. Bxb7 Qxb7 21. Rcd1 Rc6 22. Nf3 Rcd6 23. Rxd4 Rxd4 24. Bxd4 Ng4 25.
Qe4 Qb8 26. g3 1-0

[Event "*** SCC Grand Prix: Titled Tuesday Blitz"]
[Site "Chess.com"]
[Date "2020.08.11"]
[Round "5"]
[White "Mbneu"]
[Black "zajka-molotok"]
[Result "1-0"]
[WhiteElo "2232"]
[BlackElo "2375"]
[TimeControl "180+1"]
[EndTime "10:53:13 PDT"]
[Termination "Mbneu won by resignation"]

1. d4 Nf6 2. c4 c5 3. d5 e6 4. Nc3 exd5 5. cxd5 d6 6. e4 g6 7. f4 Bg7 8. Nf3 O-O 9. Be2 Re8 10. e5 dxe5 11.
fxe5 Ng4 12. e6 fxe6 13. Bg5 Bf6 14. Bxf6 Qxf6 15. Qa4 Qe7 16. Qxg4 exd5 17. Qg5 Qxg5 18. Nxg5 Bg4 19. Kd2 Bf5 20. Bf3 d4 21. Nd5 Nd7 22. Nc7 Rac8 23. Nxe8 Rxe8 24. Rae1 Rf8 25. Bd5+ Kh8 26. Be6 h6 27. Bxf5 Rxf5 28. Re8+ 1-0

[Event "*** SCC Grand Prix: Titled Tuesday Blitz"]
[Site "Chess.com"]
[Date "2020.08.11"]
[Round "5"]
[White "Virgo15"]
[Black "Steven_Rojas"]
[Result "1-0"]
[WhiteElo "2686"]
[BlackElo "2460"]
[TimeControl "180+1"]
[EndTime "10:53:16 PDT"]
[Termination "Virgo15 won by resignation"]

1. d4 d5 2. Nf3 Nf6 3. Bf4 e6 4. e3 c5 5. c3 Bd6 6. Bg3 O-O 7. Nbd2 Nc6 8. Bd3 b6 9. e4 Be7 10. e5 Nh5 11. Ng5 Nxg3 12. Bxh7+ Kh8 13. Nxf7+ Rxf7 14. hxg3 Bg5 15. Bg6+ Kg8 16. Qh5 Bxd2+ 17. Kxd2 Rxf2+ 18. Ke1 Kf8 19. Qh8+ 1-0

[Event "*** SCC Grand Prix: Titled Tuesday Blitz"]
[Site "Chess.com"]
[Date "2020.08.11"]
[Round "5"]
[White "TregubovP"]
[Black "FMOlexandrProhorov"]
[Result "1-0"]
[WhiteElo "2592"]
[BlackElo "2138"]
[TimeControl "180+1"]
[EndTime "10:53:17 PDT"]
[Termination "TregubovP won by resignation"]

1. e4 d6 2. d4 Nf6 3. Nc3 g6 4. Nf3 Bg7 5. Be2 O-O 6. O-O c6 7.
a4 a5 8. Be3 Na6 9. h3 Nb4 10.
Qd2 Qc7 11. Bh6 Rd8 12. Bxg7 Kxg7 13. Rfe1 b6 14. Bf1 e5 15. Rad1 Bb7 16. Qc1 Re8 17.
dxe5 dxe5 18. Bc4 h6 19. Rd2 Rad8 20. Red1 Rxd2 21. Qxd2 Rd8 22. Qxd8 1-0

[Event "*** SCC Grand Prix: Titled Tuesday Blitz"]
[Site "Chess.com"]
[Date "2020.08.11"]
[Round "5"]
[White "Caterpiller35"]
[Black "Srchesschilango"]
[Result "1-0"]
[WhiteElo "2405"]
[BlackElo "2218"]
[TimeControl "180+1"]
[EndTime "10:53:20 PDT"]
[Termination "Caterpiller35 won on time"]

1. e4 c6 2. d4 d5 3. Nc3 dxe4 4.
Nxe4 Nf6 5. Nxf6+ exf6 6. Bd3 Bd6 7. c3 O-O 8. Qc2 Re8+ 9. Be3 h6 10. O-O-O Be6 11. Kb1 Qa5 12. c4 b5 13. Bd2 Qa6 14.
d5 cxd5 15. cxb5 Qb6 16. Ne2 a6 17. Be3 Qa5 18. b6 d4 19. Nxd4 Bxa2+ 20. Kc1 Nd7 21. b7 Rad8 22. Nc6 Qh5 23. Nxd8 Bb4 24. Nc6 1-0

[Event "*** SCC Grand Prix: Titled Tuesday Blitz"]
[Site "Chess.com"]
[Date "2020.08.11"]
[Round "5"]
[White "PauloCesarCosta_sad"]
[Black "talman67"]
[Result "0-1"]
[WhiteElo "2258"]
[BlackElo "2488"]
[TimeControl "180+1"]
[EndTime "10:53:22 PDT"]
[Termination "talman67 won on time"]

1. Nf3 Nf6 2. c4 e6 3. d4 d5 4. Nc3 c5 5. cxd5 Nxd5 6. e4 Nxc3 7. bxc3 cxd4 8. cxd4 Bb4+ 9. Bd2 Bxd2+ 10. Qxd2 O-O 11.
Be2 Nd7 12. O-O b6 13. d5 exd5 14. Qxd5 Rb8 15. Rfd1 Qe7 16. e5 Nc5 17. Bc4 Be6 18.
Qd4 Rbd8 19. Qf4 g5 20. Qc1 Rxd1+ 21. Qxd1 Bxc4 22. Qc1 Bd5 23. Nxg5 Qxe5 24. h4 Ne4 25. Qe3 Qxa1+ 26. Kh2 Re8 27. Nxf7 Kxf7 28. Qf3+ Nf6 29.
Qxd5+ Nxd5 30. g3 Re2 31. h5 Qxa2 32. Kh3 Rxf2 33. h6 Nf6 0-1

[Event "*** SCC Grand Prix: Titled Tuesday Blitz"]
[Site "Chess.com"]
[Date "2020.08.11"]
[Round "5"]
[White "Bodnar_Mykola"]
[Black "sergiochess83"]
[Result "1-0"]
[WhiteElo "2541"]
[BlackElo "2816"]
[TimeControl "180+1"]
[EndTime "10:53:24 PDT"]
[Termination "Bodnar_Mykola won on time"]

1. e4 e5 2. Nf3 Nc6 3. Bc4 Bc5 4. c3 Nf6 5. d3 d6 6. O-O a6 7. a4 Ba7 8. h3 O-O 9. Re1 Ne7 10. Nbd2 Ng6 11.
Nf1 c6 12. Ng3 Re8 13. Bb3 h6 14.
d4 exd4 15. cxd4 d5 16. e5 Nh7 17. Bc2 Nhf8 18. Qd3 f6 19. Bd2 fxe5 20. dxe5 1-0

[Event "*** SCC Grand Prix: Titled Tuesday Blitz"]
[Site "Chess.com"]
[Date "2020.08.11"]
[Round "5"]
[White "QueenOfTactics90"]
[Black "Ashedu66"]
[Result "0-1"]
[WhiteElo "1951"]
[BlackElo "2271"]
[TimeControl "180+1"]
[EndTime "10:53:26 PDT"]
[Termination "Ashedu66 won by resignation"]

1. e4 e5 2. Nf3 Nc6 3. d4 exd4 4. Nxd4 Bb4+ 5. c3 Be7 6. Bc4 Nf6 7. Nxc6 bxc6 8. e5 Nd5 9. Bxd5 cxd5 10. Qxd5 Rb8 11.
O-O Rb6 12. Nd2 Bb7 13. Qd3 Rg6 14. f3 Bc5+ 15. Kh1 Qg5 16. Qe2 Rh6 17. h3 Qg3 18.
Ne4 Rxh3+ 19. gxh3 Qxh3+ 20. Qh2 Qxf1+ 0-1

[Event "*** SCC Grand Prix: Titled Tuesday Blitz"]
[Site "Chess.com"]
[Date "2020.08.11"]
[Round "5"]
[White "Sanyura"]
[Black "szachuspl"]
[Result "1-0"]
[WhiteElo "2396"]
[BlackElo "2523"]
[TimeControl "180+1"]
[EndTime "10:53:27 PDT"]
[Termination "Sanyura won by resignation"]

1. Nf3 Nf6 2. g3 g6 3. d3 Bg7 4.
Nbd2 O-O 5. Bg2 d5 6. O-O c5 7.
e4 Nc6 8. exd5 Nxd5 9. Nc4 h6 10.
Re1 b5 11. Ne3 Be6 12. c3 Qb6 13. a4 a6 14. axb5 axb5 15. Rxa8 Rxa8 16. h4 Rd8 17.
Nh2 Ne5 18. Neg4 Nxg4 19. Nxg4 h5 20. Ne5 Qd6 21. Qe2 Nb6 22. Nxg6 Qxd3 23. Nxe7+ Kf8 24. Qxh5 Kxe7 25. Bg5+ Kf8 26. Bxd8 Qxd8 27. Qxc5+ Kg8 28. Qxb5 Nc4 29. Rxe6 fxe6 30. Qxc4 Kf7 31. Bh3 Qd1+ 32. Kg2 Qd6 33. b4 Qe5 34. b5 Qxc3 35. Qxe6+ Kf8 36.
b6 1-0

[Event "*** SCC Grand Prix: Titled Tuesday Blitz"]
[Site "Chess.com"]
[Date "2020.08.11"]
[Round "5"]
[White "jacky72"]
[Black "sergivila"]
[Result "0-1"]
[WhiteElo "2602"]
[BlackElo "2439"]
[TimeControl "180+1"]
[EndTime "10:53:31 PDT"]
[Termination "sergivila won by resignation"]

1. d4 Nf6 2. c4 c5 3. d5 b5 4. Qc2 b4 5. e4 d6 6. b3 g6 7. a4 Bg7 8. Bb2 O-O 9. Bd3 e5 10. dxe6 Bxe6 11. Ne2 Nc6 12. Nd2 Nh5 13. O-O f5 14. exf5 Bxf5 15. Bxg7 Nxg7 16. Rad1 Qf6 17. Bxf5 Nxf5 18. Ne4 Qe7 19. Rfe1 Rae8 20. N2g3 Nfd4 21. Qd3 Ne5 22. Qb1 Rf4 23. Ne2 Nef3+ 24. gxf3 Nxf3+ 25. Kf1 Rxe4 26. Qd3 Nxe1 27. Rxe1 Qe5 28. h3 Qh2 29. Qd5+ Kh8 30. Qxe4 Rxe4 31. Ng3 Qxh3+ 32. Kg1 Rxe1+ 0-1

[Event "*** SCC Grand Prix: Titled Tuesday Blitz"]
[Site "Chess.com"]
[Date "2020.08.11"]
[Round "5"]
[White "Anna_ChessMate"]
[Black "chessablanca"]
[Result "1-0"]
[WhiteElo "2610"]
[BlackElo "2419"]
[TimeControl "180+1"]
[EndTime "10:53:31 PDT"]
[Termination "Anna_ChessMate won by resignation"]

1. d4 Nf6 2. Nf3 e6 3. e3 d5 4.
Bd3 Bd6 5. O-O O-O 6. b3 c5 7. Bb2 Nbd7 8. Ne5 Qc7 9. f4 b6 10. Nd2 Bb7 11. Rf3 Ne4 12. Rh3 f6 13. Nxe4 dxe4 14. Bc4 Rfe8 15. Qh5 Nf8 16. Ng4 Qf7 17. Qh4 Bd5 18. Bxd5 exd5 19. dxc5 bxc5 20. Bxf6 gxf6 21. Nh6+ Kg7 22. Rg3+ Qg6 23. Nf5+ Kh8 24. Nxd6 Qxg3 25. hxg3 Re6 26. Nf5 Ng6 27. Qh6 Rg8 28. Kf2 Rc6 29. Rh1 Rc7 30. Nh4 Rf7 1-0

[Event "*** SCC Grand Prix: Titled Tuesday Blitz"]
[Site "Chess.com"]
[Date "2020.08.11"]
[Round "5"]
[White "narutosmith"]
[Black "Alliswell998"]
[Result "0-1"]
[WhiteElo "2248"]
[BlackElo "2572"]
[TimeControl "180+1"]
[EndTime "10:53:33 PDT"]
[Termination "Alliswell998 won by checkmate"]

1. c4 Na6 2. Nc3 c6 3. Nf3 g6 4. g3 Bg7 5. Bg2 Nf6 6. d3 Nc7 7. O-O d6 8. Rb1 Bg4 9. h3 Bxf3 10. Bxf3 a5 11. a3 O-O 12. b4 axb4 13. axb4 e5 14. b5 Qd7 15. Qb3 Qxh3 16. Bg2 Qh5 17. bxc6 bxc6 18.
Bxc6 Ng4 19. Kg2 Qh2+ 20. Kf3 Ne6 21. Be3 e4+ 22. Kxe4 f5+ 23. Kd5 Qg2+ 24. Kxd6 Rad8+ 25. Bd7 Rxd7+ 26. Kxd7 Rd8+ 27. Ke7 Bf8+ 28. Kxe6 Qc6# 0-1

[Event "*** SCC Grand Prix: Titled Tuesday Blitz"]
[Site "Chess.com"]
[Date "2020.08.11"]
[Round "5"]
[White "Jovidon91"]
[Black "volkanyirik"]
[Result "1-0"]
[WhiteElo "2445"]
[BlackElo "2269"]
[TimeControl "180+1"]
[EndTime "10:53:41 PDT"]
[Termination "Jovidon91 won by resignation"]

1. d4 Nf6 2. c4 c5 3. Nf3 cxd4 4. Nxd4 e5 5. Nc2 d5 6. cxd5 Bc5 7. g3 Qxd5 8. Qxd5 Nxd5 9. Bg2 Nb4 10. Nxb4 Bxb4+ 11. Bd2 Bxd2+ 12. Nxd2 O-O 13. Nc4 Nc6 14. Bxc6 bxc6 15. Nxe5 Re8 16. Nd3 Bg4 17. e3 Bf3 18. Rg1 Red8 19. Nf4 Rd6 20. Ne2 Rad8 21. Nd4 Be4 22.
O-O-O c5 23. Nb5 R6d7 24. Rxd7 Rxd7 25. Rd1 Rxd1+ 26. Kxd1 a5 27. Ke2 Bd5 28. Nc3 Bc4+ 29. Kd2 Kf8 30. b3 Ba6 31. Na4 c4 32. Nc5 cxb3 33. Nxb3 Bc4 34. Kc3 Be6 35. a3 a4 1-0

[Event "*** SCC Grand Prix: Titled Tuesday Blitz"]
[Site "Chess.com"]
[Date "2020.08.11"]
[Round "5"]
[White "AnonymousIM2023"]
[Black "Agibileg"]
[Result "1-0"]
[WhiteElo "2659"]
[BlackElo "2419"]
[TimeControl "180+1"]
[EndTime "10:53:49 PDT"]
[Termination "AnonymousIM2023 won by resignation"]

1. d4 Nf6 2. Nf3 g6 3. g3 Bg7 4. Bg2 O-O 5. O-O d6 6. Nc3 Nbd7 7. e4 e5 8. a4 c6 9. Re1 Qc7 10. h3 Re8 11. Be3 exd4 12. Nxd4 Ne5 13. b3 Rb8 14. f4 Ned7 15. Qd2 a6 16. a5 Nh5 17. Bf2 Nc5 18.
b4 Ne6 19. Nf3 Bd7 20. Rad1 Bf8 21. f5 Neg7 22. g4 Nf6 23. Bh4 Be7 24. e5 dxe5 25.
Bxf6 Bxf6 26. Qxd7 Qxd7 27. Rxd7 gxf5 28. g5 e4 29.
gxf6 exf3 30. Rxe8+ Nxe8 31. Bxf3 Nxf6 32. Rc7 Kf8 33. Na4 Ne8 34. Rd7 Nf6 35. Rd4 Ke7 36. Nc5 b6 37. Nxa6 Rg8+ 38. Kf2 bxa5 39. bxa5 Ra8 40. Nb4 c5 41. Bxa8 cxd4 42. a6 Nd7 43. a7 Nb6 44. Nd5+ 1-0

[Event "*** SCC Grand Prix: Titled Tuesday Blitz"]
[Site "Chess.com"]
[Date "2020.08.11"]
[Round "5"]
[White "JoliyRoger"]
[Black "Blagorod"]
[Result "1-0"]
[WhiteElo "2320"]
[BlackElo "2117"]
[TimeControl "180+1"]
[EndTime "10:53:49 PDT"]
[Termination "JoliyRoger won by resignation"]

1. Nf3 Nc6 2. d4 d5 3. Bf4 Bg4 4. e3 e6 5. c4 Bd6 6. Bg3 Nge7 7.
Nc3 dxc4 8. Bxc4 Nf5 9. Bxd6 cxd6 10. d5 Bxf3 11. gxf3 Ne5 12. Bb5+ Nd7 13. dxe6 fxe6 14. Qa4 a6 15. Be2 O-O 16. Ne4 d5 17. Ng3 Nxg3 18. hxg3 Nc5 19. Qd4 Qa5+ 20. b4 Qa3 21. bxc5 Rac8 22.
Kf1 Rxc5 23. Qd3 h6 24. Qxa3 1-0

[Event "*** SCC Grand Prix: Titled Tuesday Blitz"]
[Site "Chess.com"]
[Date "2020.08.11"]
[Round "5"]
[White "sorito"]
[Black "esrosenberg"]
[Result "0-1"]
[WhiteElo "2450"]
[BlackElo "2190"]
[TimeControl "180+1"]
[EndTime "10:53:53 PDT"]
[Termination "esrosenberg won by checkmate"]

1. Nf3 Nf6 2. d3 e6 3. Nbd2 d5 4. e4 c5 5. g3 Nc6 6. Bg2 Be7 7.
O-O b6 8. Re1 Bb7 9. c3 dxe4 10.
dxe4 O-O 11. Qc2 h6 12. a4 a6 13. e5 Nd5 14. h4 Ra7 15. Nf1 Qa8 16. N1h2 f5 17. exf6 Rxf6 18. Ng4 Ncb4 19. Nxf6+ Bxf6 20. Qe2 Nxc3 21. bxc3 Bxc3 22. Qxe6+ Kh8 23. Bxh6 Bxf3 24. Qe8+ Qxe8 25. Rxe8+ Kh7 26. Rc1 Bxg2 27. Rxc3 Bc6 28. Re6 gxh6 29. Rce3 Rd7 30. Rf6 Rd1+ 31. Kh2 Rh1# 0-1

[Event "*** SCC Grand Prix: Titled Tuesday Blitz"]
[Site "Chess.com"]
[Date "2020.08.11"]
[Round "5"]
[White "Lagravesamuell"]
[Black "viniciusrego"]
[Result "1-0"]
[WhiteElo "2608"]
[BlackElo "2251"]
[TimeControl "180+1"]
[EndTime "10:53:53 PDT"]
[Termination "Lagravesamuell won by resignation"]

1. d4 Nf6 2. c4 g6 3. Nc3 Bg7 4. Nf3 O-O 5. e4 d6 6. Be2 e5 7. Be3 Nc6 8. d5 Ne7 9. Nd2 c5 10. O-O Ne8 11. a3 f5 12. f3 b6 13. b4 Nf6 14. Rb1 f4 15. Bf2 g5 16.
bxc5 bxc5 17. Qa4 g4 18. Nb3 Bd7 19. Qa5 Qe8 20. Qa6 Nc8 21. Na5 Nb6 22. Nb7 gxf3 23.
Bxf3 Qe7 24. Bh4 Bc8 25. Rxb6 axb6 26. Qxa8 Bxb7 27. Qa7 Qc7 28. Nb5 Qd7 29. Qxb6 Ne8 30. Bh5 Bf6 31. Bxe8 Bxh4 32. Bxd7 1-0

[Event "*** SCC Grand Prix: Titled Tuesday Blitz"]
[Site "Chess.com"]
[Date "2020.08.11"]
[Round "5"]
[White "ArjunErigaisi2003"]
[Black "wannabe2700"]
[Result "1-0"]
[WhiteElo "3020"]
[BlackElo "2664"]
[TimeControl "180+1"]
[EndTime "10:53:55 PDT"]
[Termination "ArjunErigaisi2003 won by resignation"]

1. d4 f5 2. Bg5 h6 3. Bh4 g5 4. Bg3 Bg7 5. e3 c5 6. h4 Qb6 7. hxg5 cxd4 8. exd4 Qxb2 9. Nd2 Qxd4 10. Rb1 hxg5 11.
Rxh8 Bxh8 12. Qh5+ Kf8 13. Ngf3 Qc3 14. Nxg5 Qg7 15.
Nh7+ Qxh7 16. Qxh7 Bg7 17. Qxf5+ Nf6 18. Ne4 Nc6 19. Nxf6 Bxf6 20. Bh4 d5 21. Qf4 Kf7 22. Bxf6 exf6 23. Qc7+ Ne7 24. Bd3 b6 25. Kd2 Be6 26. Re1 Re8 27. Qxa7 Bd7 28. Qxd7 1-0

[Event "*** SCC Grand Prix: Titled Tuesday Blitz"]
[Site "Chess.com"]
[Date "2020.08.11"]
[Round "5"]
[White "icychess54"]
[Black "Nikithebest"]
[Result "0-1"]
[WhiteElo "2224"]
[BlackElo "2413"]
[TimeControl "180+1"]
[EndTime "10:53:55 PDT"]
[Termination "Nikithebest won by resignation"]

1. c4 e6 2. Nf3 d5 3. e3 Nf6 4.
Nc3 a6 5. Be2 c5 6. cxd5 exd5 7.
d4 Nc6 8. O-O Bd6 9. b3 O-O 10.
Bb2 Re8 11. Rc1 cxd4 12. Nxd4 Nxd4 13. Qxd4 Be5 14. Qd2 d4 15. Rcd1 Qc7 16. exd4 Bxh2+ 17. Kh1 Bd6 18. Bf3 Bf5 19. d5 Rad8 20. Rfe1 Bf4 21. Qd4 Be5 22. Qd2 Qd6 23. Qg5 Bc2 24. Rd2 Bf4 25. Re7 0-1

[Event "*** SCC Grand Prix: Titled Tuesday Blitz"]
[Site "Chess.com"]
[Date "2020.08.11"]
[Round "5"]
[White "PowerThinking2650"]
[Black "Fortitudine"]
[Result "1-0"]
[WhiteElo "2442"]
[BlackElo "2261"]
[TimeControl "180+1"]
[EndTime "10:54:00 PDT"]
[Termination "PowerThinking2650 won by resignation"]

1. e4 c5 2. Nf3 d6 3. d4 cxd4 4. Nxd4 Nf6 5. Nc3 Nc6 6. Bc4 Qb6 7. Ndb5 a6 8. Be3 Qa5 9. Nd4 Ng4 10. O-O Qe5 11.
Nf3 Nxe3 12. Bxf7+ Kd8 13. fxe3 Qc5 14. Qd2 Bg4 15.
Nd4 e5 16. Ne6+ Bxe6 17. Bxe6 Be7 18. Nd5 Bg5 19. b4 Qa7 20. Kh1 Ne7 21. Rf7 Nxd5 22. Qxd5 Qb6 23. Rxb7 1-0

[Event "*** SCC Grand Prix: Titled Tuesday Blitz"]
[Site "Chess.com"]
[Date "2020.08.11"]
[Round "5"]
[White "MestreSoares"]
[Black "MarceloPlaya"]
[Result "0-1"]
[WhiteElo "2154"]
[BlackElo "2338"]
[TimeControl "180+1"]
[EndTime "10:54:02 PDT"]
[Termination "MarceloPlaya won by resignation"]

1. Nf3 e6 2. b3 d5 3. Bb2 Nf6 4. e3 Be7 5. Be2 O-O 6. O-O c5 7. d4 Nc6 8. c4 b6 9. dxc5 Bxc5 10. cxd5 Nxd5 11. Nc3 Nxc3 12. Bxc3 Bb7 13. Qxd8 Rfxd8 14. Rfd1 Rac8 15. Rxd8+ Rxd8 16. Rd1 Rxd1+ 17. Bxd1 Nb4 18.
a3 Nd5 19. Bb2 f6 20. b4 Bd6 21. h3 e5 22. Nd2 Kf8 23. Kf1 Nc7 24. Bf3 Bxf3 25.
Nxf3 Ke7 26. Ke2 Ke6 27. Kd3 Kd5 28. Nd2 f5 29. f3 b5 30. e4+ Ke6 31. exf5+ Kxf5 32. Ne4 Be7 33. Bc1 Nd5 34. g4+ Ke6 35. Bd2 g6 36. Kc2 h5 37. Kd3 hxg4 38. hxg4 Nc7 39.
Nc3 Bf8 40. Ke4 a6 41. Be3 Ne8 42. Nd5 Nd6+ 43. Kd3 Kxd5 0-1

[Event "*** SCC Grand Prix: Titled Tuesday Blitz"]
[Site "Chess.com"]
[Date "2020.08.11"]
[Round "5"]
[White "okriak"]
[Black "FairChess_on_YouTube"]
[Result "0-1"]
[WhiteElo "2762"]
[BlackElo "2992"]
[TimeControl "180+1"]
[EndTime "10:54:03 PDT"]
[Termination "FairChess_on_YouTube won by resignation"]

1. Nf3 b6 2. g3 Bb7 3. Bg2 g6 4. O-O Bg7 5. c4 c5 6. d4 cxd4 7. Nxd4 Bxg2 8. Kxg2 Nf6 9. Nc3 O-O 10. Qd3 Qc8 11.
b3 Nc6 12. Bb2 Rd8 13. Rac1 Qb7 14. Kg1 Ne5 15. Qe3 d6 16. Rfd1 a6 17. Nd5 b5 18.
Nxf6+ Bxf6 19. c5 Rac8 20. cxd6 Rxd6 21. Rxc8+ Qxc8 22. Rc1 Qh3 23. Qe4 Ng4 0-1

[Event "*** SCC Grand Prix: Titled Tuesday Blitz"]
[Site "Chess.com"]
[Date "2020.08.11"]
[Round "5"]
[White "Beca95"]
[Black "abykhovsky"]
[Result "0-1"]
[WhiteElo "2880"]
[BlackElo "2759"]
[TimeControl "180+1"]
[EndTime "10:54:04 PDT"]
[Termination "abykhovsky won by resignation"]

1. c4 e5 2. Nc3 Nf6 3. e3 Bb4 4. Nge2 O-O 5. a3 Be7 6. d4 d6 7. h3 Re8 8. g4 Bf8 9. Bg2 c6 10. g5 Nfd7 11. h4 Nb6 12. b3 a5 13. Qd3 N8d7 14.
f4 exd4 15. exd4 a4 16. b4 d5 17. c5 Nc4 18. Kf2 b6 19. b5 bxc5 20. bxc6 Ndb6 21. Nxd5 Nxd5 22. Qxc4 Nb6 23. c7 Qxc7 24. Qc2 Ba6 25. Ng3 Rad8 26. Rd1 Bc4 27. Rb1 cxd4 28. Be4 d3 29. Bxd3 Qc5+ 30. Kg2 Bxd3 31. Qxc5 Bxc5 32. Rb2 Be4+ 33. Nxe4 Rxd1 34. Nxc5 Rxc1 35. Nd3 Rc3 36.
Ne5 Nc4 0-1

[Event "*** SCC Grand Prix: Titled Tuesday Blitz"]
[Site "Chess.com"]
[Date "2020.08.11"]
[Round "5"]
[White "tk22h"]
[Black "Ole83"]
[Result "1-0"]
[WhiteElo "2390"]
[BlackElo "2348"]
[TimeControl "180+1"]
[EndTime "10:54:04 PDT"]
[Termination "tk22h won by resignation"]

1. c4 c5 2. Nf3 Nc6 3. Nc3 g6 4.
e3 Bg7 5. d4 Nf6 6. d5 Nb4 7. a3 Na6 8. e4 d6 9. Bd3 O-O 10. O-O e6 11. h3 exd5 12. exd5 Nc7 13. Bf4 Re8 14. Qd2 Rb8 15. Rfe1 a6 16. a4 Rxe1+ 17.
Rxe1 b5 18. cxb5 axb5 19. axb5 Ncxd5 20. Nxd5 Nxd5 21. Bg5 Nf6 22. Bc4 Bf5 23. Nh4 d5 24. Nxf5 dxc4 25. Qxd8+ Rxd8 26. Ne7+ Kf8 27. Nc6 Rc8 28.
Rc1 h6 29. Be3 Ne4 30. Rxc4 Nd6 31. Bxc5 Bxb2 32. Bxd6+ Kg7 33. Be5+ Bxe5 34. Nxe5 Rb8 35. Rb4 Rb6 36. Nc4 Rb7 37. b6 1-0

[Event "*** SCC Grand Prix: Titled Tuesday Blitz"]
[Site "Chess.com"]
[Date "2020.08.11"]
[Round "5"]
[White "Kavyev_Ruslan"]
[Black "slavenok"]
[Result "0-1"]
[WhiteElo "2448"]
[BlackElo "2717"]
[TimeControl "180+1"]
[EndTime "10:54:05 PDT"]
[Termination "slavenok won by resignation"]

1. d4 d5 2. c4 e6 3. g3 Nf6 4.
Nf3 Bb4+ 5. Bd2 Bxd2+ 6. Nbxd2 O-O 7. Bg2 b6 8. cxd5 exd5 9. O-O Bb7 10. Nb1 c5 11.
dxc5 bxc5 12. Nc3 d4 13. Qb3 Qb6 14. Na4 Qxb3 15. axb3 Nbd7 16. Rfc1 Rfc8 17. Ne1 Bxg2 18. Kxg2 Rab8 19. Ra3 Ne4 20. Nd3 Rb5 21. f3 Nef6 22.
Naxc5 Nxc5 23. b4 Nd5 24. Rxc5 Ne3+ 25. Kf2 Rcxc5 26. bxc5 a5 27. c6 Rb8 28. Rxa5 Kf8 29. b4 Ke7 30. Ra7+ Kd6 31. Rxf7 Kxc6 32. Rxg7 Nd1+ 33. Kg2 Ne3+ 34. Kh3 Nd5 35. Rxh7 Nxb4 36. Nxb4+ Rxb4 37. Kg4 d3+ 38. f4 d2 39. Rh6+ Kc5 40. Rh5+ Kc4 0-1

[Event "*** SCC Grand Prix: Titled Tuesday Blitz"]
[Site "Chess.com"]
[Date "2020.08.11"]
[Round "5"]
[White "ValeriyGrinev"]
[Black "Tactictic"]
[Result "1-0"]
[WhiteElo "2638"]
[BlackElo "2371"]
[TimeControl "180+1"]
[EndTime "10:54:07 PDT"]
[Termination "ValeriyGrinev won by resignation"]

1. d4 Nf6 2. c4 e6 3. Nc3 d5 4. cxd5 exd5 5. Bg5 Be7 6. e3 c6 7. Bd3 Nbd7 8. Qc2 h6 9. Bh4 Nh5 10. Bxe7 Qxe7 11. Nge2 Nb6 12. O-O O-O 13. Rab1 a5 14.
Rbe1 Bd7 15. Nc1 f5 16. Nb3 Qg5 17. f4 Qg6 18. Nc5 Bc8 19. Nb1 Nf6 20. Nd2 Ne4 21. Nf3 Nd7 22. Nxd7 Bxd7 23. Ne5 Qd6 24. Bxe4 fxe4 25. Qc5 Qxc5 26. dxc5 Be6 27. a3 a4 28. Rd1 Ra5 29. Rc1 Rb5 30. Rf2 Ra8 31. Rd2 Raa5 32. Rd4 Rxb2 33. Rb4 Rxb4 34. axb4 Rb5 35. Rb1 a3 36.
Ra1 Rxb4 37. Rxa3 Rb5 38. Ra8+ Kh7 39. Re8 Bg8 40. Re7 Rxc5 41. Rxb7 Rc2 42. f5 c5 43. f6 Rc1+ 44. Kf2 Kh8 45. Rxg7 1-0

[Event "*** SCC Grand Prix: Titled Tuesday Blitz"]
[Site "Chess.com"]
[Date "2020.08.11"]
[Round "5"]
[White "mr65"]
[Black "MNyuyu"]
[Result "0-1"]
[WhiteElo "2140"]
[BlackElo "2330"]
[TimeControl "180+1"]
[EndTime "10:54:08 PDT"]
[Termination "MNyuyu won by resignation"]

1. e4 d5 2. exd5 Qxd5 3. Nc3 Qd8 4. Nf3 Bg4 5. h3 Bh5 6. Bc4 e6 7.
O-O c6 8. Bb3 Nd7 9. Ne4 Ngf6 10. Ng3 Bg6 11. d4 Bd6 12. c3 Qc7 13. Ne2 O-O 14. Kh1 h6 15. Ne1 Rfe8 16. Nd3 Rad8 17. Bf4 Nd5 18. Bxd6 Qxd6 19. Qd2 Bxd3 20. Qxd3 N7f6 21.
Rad1 Nf4 22. Nxf4 Qxf4 23. Qe3 Qh4 24. Qf3 e5 25. dxe5 Rxd1 26. Rxd1 Rxe5 27. Rd8+ Kh7 28. Bxf7 Re1+ 29. Kh2 Ng4+ 30. Qxg4 Qxd8 31. Bg6+ Kh8 32.
Bc2 Qd6+ 33. g3 Qe6 34. Qf3 Qf6 35. Qxf6 gxf6 36. Bf5 Re2 37. b3 Rxf2+ 0-1